 Dungeon Crawl Stone Soup version 0.30-a0-125-g51eefa89be (webtiles) character file.

Game seed: 9155406146080719331

15 ragingrage the Poker (level 2, 0/24 HPs)
             Began as a Demonspawn Cinder Acolyte on Sept 18, 2022.
             Was a High Priest of Ignis.
             Slain by a quokka (3 damage)
             ... on level 1 of the Dungeon.
             The game lasted 00:00:35 (389 turns).

ragingrage the Poker (Demonspawn Cinder Acolyte)     Turns: 389, Time: 00:00:35

Health: 0/24       AC:  2    Str: 14    XL:     2   Next: 34%
Magic:  3/3        EV: 11    Int: 15    God:    Ignis [*****.]
Gold:   11         SH:  0    Dex:  8    Spells: 1/3 levels left

rFire   + . .      SeeInvis .    a - -1 spear (flame)
rCold   . . .      Faith    .    (no shield)
rNeg    . . .      Spirit   .    b - +0 robe
rPois   .          Reflect  .    (no helmet)
rElec   .          Harm     .    (no cloak)
rCorr   .          Rampage  .    (no gloves)
Will    .....                    (no boots)
Stlth   +.........               (no amulet)
HPRegen 0.08/turn                (no ring)
MPRegen 0.08/turn                (no ring)

@: no status effects
A: demonic magic 1
a: Renounce Religion, Fiery Armour, Foxfire Swarm, Rising Flame


You were on level 1 of the Dungeon.
You worshipped Ignis.
Ignis was extremely pleased with you.
You visited 1 branch of the dungeon, and saw 1 of its levels.

You collected 11 gold pieces.

Inventory:

Hand Weapons
 a - a -1 spear of flaming (weapon)
Armour
 b - a +0 robe (worn)
Scrolls
 c - a scroll of blinking {unknown}
Potions
 d - a potion of attraction {unknown}


   Skills:
 - Level 3.0 Fighting
 + Level 3.4 Polearms
 - Level 1.0 Spellcasting
 - Level 2.6 Fire Magic


You had one spell level left.
You knew the following spells:

 Your Spells              Type           Power      Damage    Failure   Level
a - Scorch                Fire           16%        2d5       12%         2

Your spell library contained the following spells:

 Spells                   Type           Power      Damage    Failure   Level


Dungeon Overview and Level Annotations

Branches:
Dungeon (1/15)

Altars:

Shops:
D:1 [


Innate Abilities, Weirdness & Mutations

Spells you cast may paralyse adjacent enemies.


Message History

You are too injured to fight recklessly!
You completely miss the kobold.
An endoplasm comes into view.
The kobold hits you but does no damage.
The endoplasm quivers.
You hit the kobold. You burn the kobold.
You kill the kobold!
Things that are here:
a +0 dagger; a scroll labelled DUVVIKHL YTUU; a kobold corpse You see here a rat corpse.
Things that are here:
a scroll labelled FUANAIDOHE; a hobgoblin corpse You see here a jackal corpse.
Things that are here:
a +0 whip; 2 stones; a kobold corpse The endoplasm jiggles.
Found a scroll labelled WUDUPSOSOSK.
A frilled lizard comes into view.
The frilled lizard hisses angrily.
A rat comes into view.
A quokka comes into view.
The endoplasm jiggles.
Found a stone staircase leading down.
The frilled lizard bites you.
You barely miss the frilled lizard. The frilled lizard misses you.
You barely miss the frilled lizard. The quokka barely misses you.
You hit the frilled lizard. You burn the frilled lizard.
You kill the frilled lizard!
The quokka barely misses you.
You hit the rat. You burn the rat.
You kill the rat!
The quokka closely misses you. The endoplasm attacks as you move away!
The endoplasm barely misses you. The quokka bites you.
* * * LOW HITPOINT WARNING * * *
Things that are here:
a rat corpse; a frilled lizard corpse The endoplasm attacks as you move away!
The endoplasm hits you.
* * * LOW HITPOINT WARNING * * *
The quokka barely misses you. The quokka bites you.
You die...

#.....#.# ........#
##+## ........# ##...#
........# #####.....
........# .......<..
........## ..........
........r############'##
.......@J...............
........#...............
.......#####............
###.>## ####.####....
#.# ####.8.8.8... #.
......⌠.⌠.... .
####.8.∩.8... .
#..⌠.⌠.... ##8.8.8...


You could see an endoplasm and a quokka.

Vanquished Creatures
  2 ball pythons (D:1)
  An endoplasm (D:1)
  A giant cockroach (D:1)
  A hobgoblin (D:1)
  2 jackals (D:1)
  3 kobolds (D:1)
  2 frilled lizards (D:1)
  2 rats (D:1)
14 creatures vanquished.

Notes
Turn   | Place    | Note
-------+----------+-------------------------------------------
     0 | D:1      | ragingrage the Demonspawn Cinder Acolyte began the quest
                  | for the Orb.
     0 | D:1      | Reached XP level 1. HP: 18/18 MP: 2/2
     2 | D:1      | Found Ygolleo's Antique Armour Boutique.
   240 | D:1      | Gained mutation: Spells you cast may paralyse adjacent
                  | enemies. [demonic ancestry]
   240 | D:1      | Reached XP level 2. HP: 17/24 MP: 3/3
   321 | D:1      | Learned a level 2 spell: Scorch
   389 | D:1      | Slain by a quokka

Illustrated notes

Levels and vault maps discovered:
D:1:      giann_horns, layout_rooms, serial_shops,
          nicolae_shop_temple_entry_statues_fountains

Skill      XL: |  1 |
---------------+----+-----
Polearms       | 3 |  3.4
Fighting       | |  3.0
Spellcasting   | |  1.0
Fire Magic     | |  2.6

Action                   || total
-------------------------++-------
Melee: Spear             ||    37
       Punch             ||     1
 Cast: Scorch            ||     2
Armor: Robe              ||     6
Dodge: Dodged            ||    22

Table legend: (Time is in decaauts)
 A = Elapsed time spent in this place.
 B = Non-inter-level travel time spent in this place.
 C = Inter-level travel time spent in this place.
 D = Time resting spent in this place.
 E = Time spent auto-exploring this place.
 F = Levels seen in this place.
 G = Mean time per level.
                   A        B        C        D        E       F      G
               +--------+--------+--------+--------+--------+-----+--------+
         Total |    386 |    386 |      0 |    212 |     52 |   1 |  386.0 |
       Dungeon |    386 |    386 |      0 |    212 |     52 |   1 |  386.0 |
               +--------+--------+--------+--------+--------+-----+--------+

Top non-repeatable levels by time:
     D:1: 386 daAuts
